 Dungeon Crawl Stone Soup version 0.28.0-53-g5a82cb258f (webtiles) character file.

Game seed: 4463025211361865697

98 Sin92 the Skirmisher (level 4, -3/35 HPs)
             Began as a Demonspawn Fighter on July 7, 2022.
             Succumbed to Jessica's poison
             ... on level 2 of the Dungeon.
             The game lasted 00:01:01 (1569 turns).

Sin92 the Skirmisher (Demonspawn Fighter)           Turns: 1569, Time: 00:01:02

Health: -3/35      AC: 14    Str: 18    XL:     4   Next: 44%
Magic:  4/4        EV:  7    Int: 10    God:
Gold:   10         SH:  4    Dex: 12    Spells: 3/3 levels left

rFire   . . .      SeeInvis .   a - +0 war axe
rCold   . . .      Faith    .   c - +0 buckler
rNeg    . . .      Spirit   .   j - +0 chain mail
rPois   .          Reflect  .   (no helmet)
rElec   .          Harm     .   i - +2 cloak
rCorr   .          Rampage  .   (no gloves)
Will    .....                   (no boots)
Stlth   ..........              (no amulet)
HPRegen 0.11/turn               (no ring)
MPRegen 0.09/turn               (no ring)

@: mighty, lethally poisoned (-3 -> -16)
A: slimy green scales 1, weakness stinger 1
a: no special abilities


You were on level 2 of the Dungeon.
You visited 1 branch of the dungeon, and saw 2 of its levels.

You collected 10 gold pieces.

Inventory:

Hand Weapons
 a - a +0 war axe (weapon)
Armour
 b - a +0 scale mail
 c - a +0 buckler (worn)
 i - a +2 cloak (worn)
 j - a +0 chain mail (worn)
Scrolls
 e - a scroll of identify {unknown}
Potions
 f - a potion of invisibility {unknown}
 g - a potion of lignification {unknown}
 h - a potion of mutation {unknown}
 k - a potion of flight {unknown}


   Skills:
 + Level 3.4 Fighting
 * Level 2.9 Axes
 + Level 3.1 Armour
 + Level 1.2 Dodging
 + Level 3.1 Shields


You had 3 spell levels left.
You didn't know any spells.
Your spell library was empty.

Dungeon Overview and Level Annotations

Branches:
Dungeon (2/15)

Altars:

Annotations:
D:2 Jessica


Innate Abilities, Weirdness & Mutations

You are partially covered in slimy green scales. (AC +2)
You have a small tail.


Message History

Jessica blinks!
Unknown command.
Unknown command.
There are monsters nearby!
You are too injured to fight recklessly!
There are monsters nearby!
Unknown command.
You are too injured to fight recklessly!
Unknown command.
There are monsters nearby!
There are monsters nearby!
You are too injured to fight recklessly!
Unknown command.
There are monsters nearby!
You are too injured to fight recklessly!
Unknown command.
There are monsters nearby!
Unknown command.
You feel very mighty all of a sudden.
You feel sick. You block the adder's attack. The adder completely misses you.
You closely miss the adder. You tail-slap the adder!
You kill the adder!
You feel sick.
You are no longer poisoned.
You see here an adder corpse.
You barely miss Jessica.
Your tail-slap misses Jessica.
Jessica hits you but does no damage.
You are poisoned.
Jessica hits you with a +2 dagger of venom.
You are lethally poisoned!
You hit Jessica.
Jessica is moderately wounded.
* * * LOW HITPOINT WARNING * * *
You feel very sick. Jessica casts a spell at you.
Pain shoots through your body!
* * * LOW HITPOINT WARNING * * *
You closely miss Jessica.
Jessica is moderately wounded.
You die...

#.......#
#.#####.#
########.#
#........#
.####...#
#>#.#
##.####$#.(.
.(......####.#
........@@...#
.#.######.##.#
#.. # .# ...
.# #.. .# .#
.# ..


You could see Jessica.

Vanquished Creatures
  A centaur skeleton (D:2)
  Terence (D:2)
  2 adders (D:2)
  A worm (D:2)
  A ball python (D:1)
  4 endoplasms
  4 goblins
  A hobgoblin (D:1)
  A quokka (D:2)
  2 bats
  2 frilled lizards (D:1)
  2 kobolds
  4 rats (D:1)
26 creatures vanquished.

Notes
Turn   | Place    | Note
-------+----------+-------------------------------------------
     0 | D:1      | Sin92 the Demonspawn Fighter began the quest for the Orb.
     0 | D:1      | Reached XP level 1. HP: 18/18 MP: 1/1
   356 | D:1      | Gained mutation: You have a small tail. [demonic ancestry]
   356 | D:1      | Reached XP level 2. HP: 22/24 MP: 2/2
   852 | D:1      | Found a faded altar of an unknown god.
  1180 | D:2      | Gained mutation: You are partially covered in slimy green
                  | scales. (AC +2) [demonic ancestry]
  1180 | D:2      | Reached XP level 3. HP: 27/29 MP: 3/3
  1327 | D:2      | Noticed Terence
  1351 | D:2      | Killed Terence
  1352 | D:2      | Reached skill level 1 in Dodging
  1352 | D:2      | Reached XP level 4. HP: 16/35 MP: 4/4
  1556 | D:2      | Noticed Jessica
  1568 | D:2      | HP: 1/35 [Jessica/nerve-wracking pain (7)]
  1569 | D:2      | Succumbed to Jessica's poison

Illustrated notes

Levels and vault maps discovered:
D:1:      matt_arrival_diagonals, layout_loops_corners,
          ebering_ecumenical_altar_mist
D:2:      layout_loops_ring, wander_ebering_terrifying_dragon_lair,
          uniq_sigmund, uniq_jessica, uniq_terence

Skill      XL: |  1  2  3 |
---------------+----------+-----
Axes           | 2 |  2.9
Armour         | 3 |  3.1
Shields        | 3 |  3.1
Dodging        | 1 |  1.2
Fighting       | |  3.4

Action                   |  1- 3 |  4- 6 || total
-------------------------+-------+-------++-------
Melee: War axe           |    87 |    10 ||    97
       Tailslap          |     8 |     2 ||    10
  Use: Potion            |       |     1 ||     1
Armor: Scale mail        |    55 |       ||    55
       Chain mail        |       |     5 ||     5
Dodge: Dodged            |    36 |     4 ||    40
Block: Buckler           |    23 |     3 ||    26
